 Dungeon Crawl Stone Soup version 0.17-a0-2220-g6fea741 (webtiles) character file.

231 kosy22 the Shield-Bearer (level 6, -1/53 HPs)
             Began as a Hill Orc Fighter on Oct 28, 2015.
             Slain by Sigmund
             ... wielding a +0 scythe
              (5 damage)
             ... on level 3 of the Dungeon.
             The game lasted 00:08:21 (2599 turns).

kosy22 the Shield-Bearer (Hill Orc Fighter)         Turns: 2599, Time: 00:08:21

Health: -1/53      AC: 12    Str: 26    XL:     6   Next: 4%
Magic:  6/6        EV:  3    Int:  8    God:
Gold:   164        SH: 15    Dex: 10    Spells: 0 memorised, 5 levels left

rFire  . . .     SeeInvis .     a - +0 war axe
rCold  . . .     Clarity  +     m - +0 plate armour
rNeg   . . .     SustAt   .     u - +0 large shield
rPois  .         Gourm    .     (no helmet)
rElec  .         Spirit   .     (no cloak)
rCorr  .         Warding  .     (no gloves)
rMut   .         Stasis   .     (no boots)
MR     .....                    (no amulet)
Stlth  ..........               (no ring)
                                (no ring)

@: mighty, not resistant to hostile enchantments, extremely unstealthy
A: berserk 1, clarity, screaming 1
a: no special abilities


You were on level 3 of the Dungeon.
You were not hungry.

You visited 1 branch of the dungeon, and saw 3 of its levels.
You also visited: Sewer.

You collected 164 gold pieces.

Inventory:

Hand Weapons
 a - a +0 war axe (weapon)
Missiles
 g - a needle of slowing
Armour
 b - a +0 scale mail
 c - a +0 shield
 m - a +0 plate armour (worn)
 u - a +0 large shield (worn)
Wands
 n - a wand of random effects (17)
 q - a wand of confusion (11)
Scrolls
 e - a scroll of amnesia {unknown}
 j - 2 scrolls of identify {unknown}
 p - a scroll of enchant armour {unknown}
 r - a scroll of immolation {unknown}
 t - a scroll of recharging {unknown}
 w - a scroll of blinking {unknown}
 y - a scroll of teleportation {unknown}
 A - a scroll of remove curse {unknown}
Potions
 i - a potion of haste {unknown}
 k - a potion of lignification {unknown}
 o - a potion of poison {unknown}
 v - a potion of degeneration {unknown}
 x - a potion of mutation
Comestibles
 f - a beef jerky
 h - 2 slices of pizza
 l - a meat ration


   Skills:
 + Level 4.4 Fighting
 + Level 3.8 Axes
 + Level 4.4 Armour
 + Level 1.4 Dodging
 + Level 5.0 Shields


You had 5 spell levels left.
You didn't know any spells.

Dungeon Overview and Level Annotations

Branches:
Dungeon (3/15)

Altars:
Gozag
Nemelex Xobeh

Annotations:
D:3 Sigmund


Innate Abilities, Weirdness & Mutations

You tend to lose your temper in combat.
You possess an exceptional clarity of mind.
You occasionally shout uncontrollably at your foes.


Message History

* * * LOW HITPOINT WARNING * * *
You closely miss something. Something hits you but does no damage.
You closely miss something. Something hits you but does no damage.
You closely miss something. Something hits you.
* * * LOW HITPOINT WARNING * * *
You completely miss something.
You hear some strange, mumbled words.
A magic dart appears from out of thin air!
The magic dart hits you!
* * * LOW HITPOINT WARNING * * *
You miss something. Something hits you.
* * * LOW HITPOINT WARNING * * *
You miss something. You block its attack.
You closely miss something. Something hits you but does no damage.
You block its attack.
You miss something. You miss something. Something hits you.
* * * LOW HITPOINT WARNING * * *
You barely miss something. Something hits you.
You die...

≈≈#≈≈≈.................+.........
#≈#≈#≈..#########...####.........
≈≈#≈≈≈≈.## #..## #.......#
#≈#≈#≈...## ##.## #.....#
#≈#≈#≈....## #..# #...#
#≈≈≈#...##.# #.## #'#
#####...#.## #.# #.# #..#.# #.#
#.# ###.## #@# ##.### #######.#
###{### ##....# ......<.# #.....#
#.....# #########
#.###.########....# #.#
#......###..#.##
#.###.####.)........ #.....#
#####....## ####### ##.### #.#


There were no monsters in sight!

Vanquished Creatures
  Purgy (Sewer)
  Robin (D:2)
  5 adders
  An ooze (D:2)
  A worm (D:2)
  An orc (D:3)
  11 bats
  A giant cockroach (D:2)
  10 hobgoblins
  7 jackals
  A giant newt (Sewer)
  16 goblins
  9 kobolds
  A quokka (D:2)
  6 rats
72 creatures vanquished.

Notes
Turn   | Place    | Note
--------------------------------------------------------------
     0 | D:1      | kosy22 the Hill Orc Fighter began the quest for the Orb.
     0 | D:1      | Reached XP level 1. HP: 19/19 MP: 1/1
   299 | D:1      | Reached XP level 2. HP: 21/27 MP: 2/2
   797 | D:1      | Reached XP level 3. HP: 31/33 MP: 3/3
  1039 | D:2      | Noticed Robin
  1053 | D:2      | Killed Robin
  1053 | D:2      | Reached skill level 4 in Shields
  1058 | D:2      | Reached skill level 1 in Dodging
  1195 | D:2      | Found a sparkling altar of Nemelex Xobeh.
  1213 | D:2      | Reached XP level 4. HP: 33/40 MP: 4/4
  1431 | D:2      | Found an opulent altar of Gozag.
  2066 | D:3      | Found a glowing drain.
  2075 | Sewer    | Entered a sewer
  2181 | Sewer    | Reached XP level 5. HP: 46/46 MP: 5/5
  2301 | Sewer    | Gained mutation: You possess an exceptional clarity of mind. [potion of mutation]
  2301 | Sewer    | Gained mutation: You occasionally shout uncontrollably at your foes. [potion of mutation]
  2301 | Sewer    | Gained mutation: You tend to lose your temper in combat. [potion of mutation]
  2335 | Sewer    | Noticed Purgy
  2352 | Sewer    | Killed Purgy
  2352 | Sewer    | Reached skill level 5 in Shields
  2509 | D:3      | Reached XP level 6. HP: 50/53 MP: 6/6
  2523 | D:3      | Noticed Sigmund
  2599 | D:3      | Slain by Sigmund

Vault maps used:
D:1:      minmay_arrival_cross, minmay_liquid_box, st_stairs_2
D:2:      nicolae_overflow_crystal_walls,
          nicolae_gozag_cash_rules_everything_around_me, uniq_robin
D:3:      grunt_temple_overflow_lords_of_destruction, lemuel_crystal_altar,
          grunt_temple_overflow_open, lightli_sewer_entry_pipes, first_bread,
          uniq_grinder, uniq_natasha, uniq_sigmund
Sewer:    kennysheep_door_sewer

Action                   |  1- 3 |  4- 6 || total
-------------------------+-------+-------++-------
Melee: War axe           |   123 |   162 ||   285
       Unarmed           |       |     9 ||     9
Evoke: Wand              |       |     1 ||     1
  Use: Potion            |       |     4 ||     4
  Eat: Bread ration      |     1 |       ||     1
       Beef jerky        |     1 |       ||     1
